 Dungeon Crawl Stone Soup version 0.23.1-37-gaa34b87b72 (webtiles) character file.

Game seed: 8031219730251794195

83 Marnok the Twirler (level 4, 0/34 HPs)
             Began as a Demonspawn Gladiator on Mar 26, 2019.
             Slain by Sigmund
             ... wielding a +0 scythe
              (7 damage)
             ... on level 3 of the Dungeon.
             The game lasted 00:11:51 (2888 turns).

Marnok the Twirler (Demonspawn Gladiator)           Turns: 2888, Time: 00:11:51

Health: 0/34       AC:  4    Str: 15    XL:     4   Next: 22%
Magic:  4/4        EV: 13    Int: 13    God:
Gold:   162        SH:  0    Dex: 15    Spells: 3/3 levels left

rFire    . . .     SeeInvis .   a - +0 quarterstaff
rCold    . . .     Gourm    .   (shield currently unavailable)
rNeg     . . .     Faith    .   b - +0 leather armour
rPois    .         Spirit   .   c - +0 helmet
rElec    .         Reflect  .   (no cloak)
rCorr    .         Harm     .   (no gloves)
MR       .....                  (no boots)
Stlth    +.........             (no amulet)
HPRegen  0.11/turn              e - +4 ring of intelligence
MPRegen  0.09/turn              (no ring)

@: very slightly contaminated
A: hooves 1, powered by pain 1
a: no special abilities


You were on level 3 of the Dungeon.
You were not hungry.

You visited 1 branch of the dungeon, and saw 4 of its levels.

You collected 162 gold pieces.

Inventory:

Hand Weapons
 a - a +0 quarterstaff (weapon)
 l - a +0 hunting sling
 r - a +2 short sword of venom
Missiles
 d - 3 throwing nets (quivered)
 k - 3 javelins
 m - 54 stones
 q - 14 sling bullets
Armour
 b - a +0 leather armour (worn)
 c - a +0 helmet (worn)
Jewellery
 e - a +4 ring of intelligence (left hand)
Scrolls
 g - 2 scrolls of remove curse
 i - a scroll of identify {unknown}
 j - a scroll of enchant armour {unknown}
 n - a scroll of noise {unknown}
 o - a scroll of blinking
 p - a scroll of teleportation {unknown}
 s - a scroll of fog {unknown}
 t - 2 scrolls of immolation {unknown}
Potions
 h - a potion of ambrosia
Comestibles
 f - 3 rations
 u - 2 chunks of flesh


   Skills:
 + Level 2.3 Fighting
 + Level 3.6 Staves
 + Level 2.0 Throwing
 + Level 1.2 Armour
 + Level 3.1 Dodging
 + Level 0.3 Stealth


You had 3 spell levels left.
You didn't know any spells.
Your spell library was empty.

Dungeon Overview and Level Annotations

Branches:
Dungeon (4/15)
 Temple: D:4-7

Altars:
Sif Muna

Annotations:
D:3 Sigmund


Innate Abilities, Weirdness & Mutations

You have large cloven feet.
You sometimes gain a little power by taking damage.


Message History

Okay, then.
Blink to where?
Press: ? - help, Dir - move target cursor You are very lightly contaminated with residual magic.
As you read the scroll labeled BYPLOF BAEZ, it crumbles to dust.
It was a scroll of blinking.
You see here an adder skeleton.
You see here a falchion.
An orc comes into view. It is wielding a -1 hand axe.
The orc shouts!
An orc priest comes into view. It is wielding a +0 short sword.
The orc moves out of view.
The orc priest shouts!
You hear a shout!
The orc priest begins to cast a cantrip, but forgets the words!
An orc comes into view. It is wielding a +0 rapier.
You barely miss the orc. The orc barely misses you.
You hear some strange, mumbled words.
Something tries to affect you, but you resist.
Something hits you!
You die...

####(......####.###.#
####...........รท..#.#
#..#.......#####..#.#
)..........# #..#.#########
.....####### #............#
.#.# #...##.##.##.#
.#.#############...#8.8#.##.#
##.......................##.#
......##########@).#8.8####.#
#####.# #.....##.## #.# #.#
#o###.##..# #.# #.# #.#
#.###.# #.# #.# #o#
#.###.####.#
#.########o###.##.......#
#.......)..........######
#########..###..#..# #..#
#..#..#


You could see an orc.

Vanquished Creatures
  An adder (D:3)
  An ooze (D:1)
  2 worms (D:3)
  3 dart slugs
  3 leopard geckos
  2 orcs (D:3)
  2 giant cockroaches
  5 goblins
  8 hobgoblins
  2 jackals
  A kobold (D:3)
  A ball python (D:3)
  7 bats
  6 frilled lizards (D:2)
  8 rats
52 creatures vanquished.

Notes
Turn   | Place    | Note
-------+----------+-------------------------------------------
     0 | D:1      | Marnok the Demonspawn Gladiator began the quest for the
                  | Orb.
     0 | D:1      | Reached XP level 1. HP: 16/16 MP: 1/1
   322 | D:1      | Gained mutation: You have large cloven feet. [demonic
                  | ancestry]
   322 | D:1      | Reached XP level 2. HP: 20/22 MP: 2/2
   878 | D:1      | Gained mutation: You sometimes gain a little power by
                  | taking damage. [demonic ancestry]
   878 | D:1      | Reached XP level 3. HP: 27/27 MP: 3/3
  2385 | D:3      | Reached skill level 1 in Armour
  2598 | D:3      | Reached XP level 4. HP: 33/33 MP: 4/4
  2824 | D:3      | Found a deep blue altar of Sif Muna.
  2845 | D:3      | Noticed Sigmund
  2888 | D:3      | Slain by Sigmund

Skill      XL: |  1  2  3 |
---------------+----------+-----
Throwing       | 2 |  2.0
Dodging        | 3 |  3.1
Staves         | 3 |  3.6
Armour         | 1 |  1.2
Fighting       | |  2.3
Stealth        | |  0.3

Action                   |  1- 3 |  4- 6 || total
-------------------------+-------+-------++-------
Melee: Quarterstaff      |   145 |    24 ||   169
       Kick              |    28 |     8 ||    36
  Use: Scroll            |       |     2 ||     2
       Potion            |       |     2 ||     2
 Stab: Sleeping          |     1 |       ||     1
  Eat: Chunk             |     5 |     1 ||     6
Armor: Leather armour    |    68 |     5 ||    73
Dodge: Dodged            |   151 |    15 ||   166
